 Dungeon Crawl Stone Soup version 0.27.1-3-gb3d3a73c9e (webtiles) character file.

Game seed: 5603574920816840879

40070 CuBeRJAN3 the Thaumaturge (level 13, -4/80 HPs)
             Began as a Deep Elf Fire Elementalist on Oct 7, 2021.
             Was a High Priest of Sif Muna.
             Slain by a black mamba (5 damage)
             ... while petrified by a catoblepas
             ... on level 6 of the Lair of Beasts.
             The game lasted 01:55:11 (25170 turns).

CuBeRJAN3 the Thaumaturge (DEFE)                   Turns: 25170, Time: 01:55:12

Health: -4/80      AC: 11    Str:  6    XL:     13   Next: 72%
Magic:  28/41      EV:  2    Int: 25    God:    Sif Muna [*****.]
Gold:   847        SH:  0    Dex: 15    Spells: 11/39 levels left

rFire    . . .     SeeInvis .   O - +0 dagger (drain)
rCold    . . .     Faith    +   (no shield)
rNeg     + + +     Spirit   .   L - +2 robe of Vines {NoPotionHeal Regen+++}
rPois    ∞         Reflect  .   W - +2 helmet
rElec    .         Harm     .   h - +2 cloak
rCorr    .         Rampage  .   (no gloves)
Will     +....                  V - +0 pair of boots
Stlth    ++++......             y - amulet of faith
HPRegen  3.23/turn              v - ring of poison resistance
MPRegen  0.27/turn              J - ring of magical power

@: petrified
A: no striking features
a: Renounce Religion, Channel Magic, Forget Spell, Divine Exegesis


You were on level 6 of the Lair of Beasts.
You worshipped Sif Muna.
Sif Muna was extremely pleased with you.
You visited 3 branches of the dungeon, and saw 18 of its levels.

You collected 1230 gold pieces.
You spent 383 gold pieces at shops.

Inventory:

Hand Weapons
 O - a +0 dagger of draining (weapon)
Armour
 e - a scarf of invisibility
 h - a +2 cloak (worn)
 L - the +2 robe of Vines (worn) {NoPotionHeal Regen+++}
   (You found it on level 9 of the Dungeon)

   Its wearer cannot be healed by potions.
   Regen:     It increases your rate of health regeneration.
 V - a +0 pair of boots (worn)
 W - a +2 helmet (worn)
Jewellery
 m - a ring of wizardry
 p - a ring of flight
 v - a ring of poison resistance (left hand)
 w - a ring of positive energy
 y - an amulet of faith (around neck)
 D - a ring of resist corrosion
 J - a ring of magical power (right hand)
 K - a ring of willpower
 X - a ring of see invisible
 Y - a ring of willpower
Wands
 u - a wand of polymorph (16)
 x - a wand of iceblast (32)
 z - a wand of flame (39)
 C - a wand of charming (16)
 H - a wand of paralysis (9)
 R - a wand of acid (7)
Scrolls
 b - 2 scrolls of fear {unknown}
 f - 6 scrolls of teleportation
 g - 3 scrolls of magic mapping {unknown}
 i - 5 scrolls of blinking
 j - 2 scrolls of noise {unknown}
 n - 6 scrolls of amnesia
 o - 2 scrolls of holy word
 q - 3 scrolls of brand weapon
 E - 3 scrolls of enchant armour
 F - 3 scrolls of fog {unknown}
 G - a scroll of identify
 N - a scroll of immolation {unknown}
 P - 3 scrolls of enchant weapon {unknown}
 T - a scroll of silence {unknown}
Potions
 a - a potion of invisibility
 c - 2 potions of attraction {unknown}
 d - a potion of cancellation {unknown}
 k - 3 potions of degeneration
 l - 4 potions of lignification
 r - 6 potions of curing
 s - 5 potions of heal wounds
 t - 3 potions of mutation
 A - 3 potions of ambrosia
 I - 3 potions of haste {unknown}
 M - 3 potions of flight
 Q - 2 potions of might {unknown}
 U - a potion of magic {unknown}
Miscellaneous
 S - a lightning rod (4/4)


   Skills:
 * Level 9.1 Fighting
 * Level 5.8 Short Blades
 - Level 2.4 Dodging
 + Level 10.1 Stealth
 * Level 13.6 Spellcasting
 + Level 8.7 Conjurations
 + Level 9.2 Hexes
 + Level 7.9 Translocations
 + Level 9.0 Fire Magic
 + Level 5.9 Invocations
 + Level 4.1 Evocations


You had 11 spell levels left.
You knew the following spells:

 Your Spells              Type           Power      Damage    Failure   Level
a - Foxfire               Conj/Fire      100%       2x1d9     1%          1
b - Conjure Flame         Conj/Fire      57%        6-21      1%          3
c - Inner Flame           Hex/Fire       58%        N/A       1%          3
d - Sticky Flame          Conj/Fire      57%        2d7       1%          4
e - Blink                 Tloc           N/A        N/A       1%          2
f - Searing Ray           Conj           100%       3d7       1%          2
g - Fulminant Prism       Conj/Hex       29%        3d14      1%          4
h - Fireball              Conj/Fire      28%        3d12      2%          5
i - Cause Fear            Hex            29%        N/A       1%          4

Your spell library contained the following spells:

 Spells                   Type           Power      Damage    Failure   Level
 Magic Dart               Conj           100%       1d8       1%          1
 Confusing Touch          Hex            59%        N/A       1%          3
 Lesser Beckoning         Tloc           27%        N/A       1%          3
 Portal Projectile        Hex/Tloc       100%       N/A       1%          3
 Stone Arrow              Conj/Erth      76%        3d11      1%          3
 Summon Guardian Golem    Hex/Summ       40%        N/A       1%          3
 Tukima's Dance           Hex            59%        N/A       1%          3
 Sandblast                Erth           34%        2d9       3%          1
 Summon Small Mammal      Summ           68%        N/A       3%          1
 Ignite Poison            Fire/Tmut/Pois 32%        N/A       3%          3
 Manifold Assault         Tloc           54%        N/A       3%          5
 Leda's Liquefaction      Hex/Erth       20%        N/A       4%          4
 Passwall                 Tmut/Erth      14%        N/A       5%          2
 Bolt of Magma            Conj/Fire/Erth 23%        4d11      9%          5
 Call Canine Familiar     Summ           17%        N/A       11%         3
 Silence                  Hex/Air        20%        N/A       14%         5
 Yara's Violent Unravell  Hex/Tmut       20%        3d9       14%         5
 Animate Armour           Summ/Erth      34%        N/A       34%         4
 Conjure Ball Lightning   Conj/Air       19%        3x3d6     65%         6
 Lee's Rapid Deconstruct  Erth           8%         3d8*      67%         5
 Statue Form              Tmut/Erth      11%        N/A       99%         6
 Discord                  Hex            29%        N/A       99%         8
 Disjunction              Tloc           27%        N/A       100%        8
 Lehudib's Crystal Spear  Conj/Erth      19%        10d6      100%        8


Dungeon Overview and Level Annotations

Branches:
Dungeon (11/15)            Temple (1/1) D:6            Lair (6/6) D:8
  Swamp (0/4) Lair:3        Snake (0/4) Lair:2        Slime (0/5) Lair:6
    Orc (0/2) D:11

Altars:
Ashenzari
Cheibriados
Dithmenos
Elyvilon
Fedhas
Gozag
Hepliaklqana
Kikubaaqudgha
Makhleb
Nemelex Xobeh
Okawaru
Qazlal
Ru
Sif Muna
Trog
Uskayaw
Vehumet
Wu Jian
Xom
Yredelemnul
Zin
The Shining One
Jiyva

Shops:
D:3 !   D:9 =

Annotations:
D:2 Sigmund
D:3 Grinder
D:4 exclusion: steam dragon
D:7 exclusion: downstairs
D:8 Psyche
D:9 jewelry shop
Lair:1 exclusion: oklob plant


Message History

The catoblepas breathes a plume of calcifying dust at you.
The blast of calcifying dust hits you but does no damage.
The lindwurm burns!
The catoblepas breathes a plume of calcifying dust at you.
The blast of calcifying dust hits you but does no damage.
The lindwurm is engulfed in calcifying dust.
The lindwurm is moving more slowly.
The lindwurm bites you. The lindwurm completely misses you.
The lindwurm claws you but does no damage.
Your limbs are stiffening.
The lindwurm burns! x2; The black mamba bites you!
The lindwurm is engulfed in calcifying dust.
The lindwurm stops moving altogether!
The black mamba barely misses you.
You have turned to stone.
The lindwurm burns!
The black mamba bites you but does no damage.
The lindwurm is engulfed in calcifying dust.
The catoblepas gores you! The black mamba bites you.
The lindwurm burns!
The black mamba bites you!
The lindwurm is engulfed in calcifying dust.
The catoblepas gores you!! The black mamba bites you!
The lindwurm burns!
The black mamba bites you! The catoblepas gores you!!
The black mamba bites you!
The lindwurm burns!
The black mamba bites you! The catoblepas gores you!
* * * LOW HITPOINT WARNING * * *
The lindwurm burns!
The lindwurm stops burning.
The black mamba bites you!
* * * LOW HITPOINT WARNING * * *
The black mamba barely misses you.
The catoblepas gores you but does no damage.
The black mamba bites you!
* * * LOW HITPOINT WARNING * * *
The black mamba bites you.
* * * LOW HITPOINT WARNING * * *
The catoblepas gores you!
* * * LOW HITPOINT WARNING * * *
The black mamba bites you but does no damage.
The catoblepas gores you!!
* * * LOW HITPOINT WARNING * * *
The black mamba bites you!
You die...

.... ##...... .#
##..... ## ### #.....
#### ####.P.#####
##.... ...# ###.P..
.....## #.... ...#
#.#... .....# ##...
...###....#####....##
##..
...##.....÷÷........#
...##.....#...#.@...#
##
#######...#.}.#YkS###
#.
##....÷..###.###...#
#. .#...#.#..P###
....# #. .#...#......#
....... ##.
.#.###.....####....###
#.. .÷.......###
#..... ##.. .......###
###.... ###...
##.P.### ###.. ##.....


You could see a catoblepas, a lindwurm (petrified) and a black mamba.

Vanquished Creatures
  5 hydras
  Erica (D:10)
  2 catoblepae (Lair:6)
  2 two-headed ogres
  A bog body (Lair:3)
  A manticore (Lair:6)
  3 elephants (Lair:4)
  5 black mambas
  10 cane toads
  A rime drake (Lair:6)
  11 komodo dragons
  2 ice devils (Lair:3)
  2 trolls (D:9)
  2 hornets
  Prince Ribbit (Lair:3)
  13 dream sheep
  19 blink frogs
  2 spriggans
  35 yaks
  A vampire (D:9)
  5 basilisks
  6 wyverns
  A steam dragon (D:9)
  Edmund (D:5)
  An acid dragon (D:10)
  16 water moccasins
  A sky beast (D:7)
  5 orc warriors
  3 ice beasts
  A black bear (D:6)
  7 necrophages
  3 ogres
  A centaur (D:7)
  31 wolves (Lair:3)
  5 kobold brigands
  16 bullfrogs
  A scorpion (D:5)
  6 killer bees (D:8)
  2 howler monkeys
  An electric eel (Lair:6)
  A centaur zombie (D:10)
  A bullfrog zombie (D:7)
  4 hounds
  3 jellies
  2 centaur skeletons (D:7)
  4 orc priests (D:10)
  A bullfrog skeleton (D:5)
  6 iguanas
  9 orc wizards
  Terence (D:3)
  5 hell rats
  2 killer bee zombies
  6 adders
  4 howler monkey skeletons (D:7)
  6 gnolls
  3 shadow imps (D:7)
  3 white imps
  An ufetubus (D:5)
  4 dart slugs
  22 orcs
  5 ball pythons
  7 endoplasms
  4 giant cockroaches
  7 goblins
  5 hobgoblins
  8 jackals
  5 quokkas
  6 bats
  2 frilled lizards
  25 kobolds
  3 rats
  2 bushes (D:8)
  A butterfly (Lair:1)
  2 foxfires
402 creatures vanquished.

Vanquished Creatures (collateral kills)
  4 foxfires
4 creatures vanquished.

Vanquished Creatures (others)
  A cane toad (Lair:6)
  3 bushes (D:8)
  851 foxfires
  47 fulminant prisms
  60 fungi
  121 plants
1083 creatures vanquished.

Grand Total: 1489 creatures vanquished

Notes
Turn   | Place    | Note
-------+----------+-------------------------------------------
     0 | D:1      | CuBeRJAN3 the Deep Elf Fire Elementalist began the quest
                  | for the Orb.
     0 | D:1      | Reached XP level 1. HP: 10/10 MP: 6/6
   173 | D:1      | Reached XP level 2. HP: 16/16 MP: 5/8
   588 | D:1      | Reached skill level 1 in Fighting
   762 | D:1      | Found a faded altar of an unknown god.
   887 | D:1      | Reached XP level 3. HP: 20/20 MP: 7/10
  1260 | D:2      | Noticed Sigmund
  1742 | D:2      | Learned a level 3 spell: Conjure Flame
  1746 | D:2      | Learned a level 3 spell: Inner Flame
  2457 | D:3      | Reached skill level 4 in Spellcasting
  2528 | D:3      | Reached XP level 4. HP: 25/25 MP: 9/12
  2703 | D:3      | Noticed Terence
  2705 | D:3      | Found Miegerag's Distillery.
  2727 | D:3      | Killed Terence
  2728 | D:3      | Reached XP level 5. HP: 30/30 MP: 6/13
  2821 | D:3      | Bought a potion of curing for 33 gold pieces
  2830 | D:3      | Noticed Grinder
  3323 | D:3      | Learned a level 4 spell: Sticky Flame
  3344 | D:3      | Learned a level 2 spell: Blink
  3396 | D:3      | Paralysed by Grinder for 2 turns
  3609 | D:4      | Noticed a necrophage
  3644 | D:4      | Killed a necrophage
  3645 | D:4      | Reached skill level 5 in Spellcasting
  3645 | D:4      | Reached XP level 6. HP: 36/36 MP: 0/15
  4074 | D:4      | Learned a level 2 spell: Searing Ray
  4168 | D:4      | Noticed a steam dragon
  4456 | D:5      | Entered Level 5 of the Dungeon
  4607 | D:5      | Reached skill level 1 in Hexes
  4819 | D:5      | Reached skill level 1 in Translocations
  4819 | D:5      | Reached XP level 7. HP: 38/41 MP: 8/17
  5026 | D:5      | Reached skill level 6 in Spellcasting
  5173 | D:5      | Found a sand-covered staircase.
  5453 | D:5      | Noticed Edmund
  5478 | D:5      | Killed Edmund
  5626 | D:6      | Noticed a two-headed ogre
  5832 | D:6      | Learned a level 4 spell: Fulminant Prism
  5880 | D:6      | Reached XP level 8. HP: 48/48 MP: 10/20
  6570 | D:6      | Reached skill level 5 in Fire Magic
  6649 | D:6      | Reached skill level 7 in Spellcasting
  6810 | D:6      | Found a staircase to the Ecumenical Temple.
  6822 | Temple   | Entered the Ecumenical Temple
  7117 | Temple   | Became a worshipper of Sif Muna the Loreminder
  7340 | D:7      | Reached skill level 5 in Stealth
  8205 | D:7      | Reached skill level 8 in Spellcasting
  8224 | D:7      | Reached XP level 9. HP: 36/52 MP: 7/23
  8540 | D:7      | Reached skill level 5 in Fighting
  8584 | D:7      | Reached * piety under Sif Muna
  8838 | D:7      | Found a glowing silver altar of Zin.
  8998 | D:7      | Learned a level 5 spell: Fireball
  9280 | D:7      | Reached skill level 5 in Conjurations
  9617 | D:7      | Noticed a two-headed ogre
  9642 | D:7      | Killed a two-headed ogre
  9643 | D:7      | Reached skill level 9 in Spellcasting
  9643 | D:7      | Reached skill level 5 in Hexes
  9867 | D:8      | Noticed Psyche
 10166 | D:8      | Reached ** piety under Sif Muna
 10205 | D:8      | Reached XP level 10. HP: 60/60 MP: 6/25
 10494 | D:8      | Found a sacrificial altar of Ru.
 10495 | D:8      | Found an iron altar of Okawaru.
 10680 | D:8      | Reached skill level 1 in Invocations
 10984 | D:8      | Reached skill level 10 in Spellcasting
 11111 | D:8      | Reached skill level 5 in Translocations
 11246 | D:8      | Found a snail-covered altar of Cheibriados.
 11247 | D:8      | Found a hazy altar of Hepliaklqana.
 11247 | D:8      | Found a staircase to the Lair.
 11283 | D:8      | Found a shimmering altar of Xom.
 11283 | D:8      | Found a hide-covered altar of Uskayaw.
 11284 | D:8      | Found a radiant altar of Vehumet.
 11613 | D:8      | Reached *** piety under Sif Muna
 12179 | D:9      | Found Jynluf's Jewellery Emporium.
 12184 | D:9      | Bought a ring of willpower for 350 gold pieces
 12264 | D:9      | Noticed a five-headed hydra
 12481 | D:9      | Found the +2 robe of Vines {NoPotionHeal Regen+++}
 12641 | D:9      | Reached XP level 11. HP: 66/66 MP: 13/27
 12980 | D:9      | Killed a five-headed hydra
 12981 | D:9      | Reached skill level 11 in Spellcasting
 13250 | D:10     | Entered Level 10 of the Dungeon
 13269 | D:10     | Noticed Erica
 13951 | D:10     | Reached **** piety under Sif Muna
 14257 | D:10     | Killed Erica
 14723 | D:11     | Found a staircase to the Orcish Mines.
 14911 | D:11     | Noticed a two-headed ogre
 14920 | D:11     | Killed a two-headed ogre
 15158 | Lair:1   | Entered Level 1 of the Lair of Beasts
 15733 | Lair:1   | Noticed an oklob plant
 16444 | Lair:2   | Found a staircase to the Snake Pit.
 16480 | Lair:2   | Noticed a six-headed hydra
 16490 | Lair:2   | Killed a six-headed hydra
 16491 | Lair:2   | Reached skill level 1 in Short Blades
 16616 | Lair:2   | Reached skill level 12 in Spellcasting
 16680 | Lair:2   | Noticed a boulder beetle
 17031 | Lair:2   | Reached XP level 12. HP: 73/73 MP: 30/30
 17670 | Lair:2   | Noticed a seven-headed hydra
 17671 | Lair:2   | Reached skill level 1 in Evocations
 17690 | Lair:2   | Killed a seven-headed hydra
 18337 | Lair:3   | Noticed Prince Ribbit
 18355 | Lair:3   | Killed Prince Ribbit
 18735 | Lair:3   | Reached ***** piety under Sif Muna
 18921 | Lair:3   | Received a gift from Sif Muna
 18924 | Lair:3   | Got Bedamp's Compendium of the Oath {god gift}
 18930 | Lair:3   | Learned a level 4 spell: Cause Fear
 19143 | Lair:3   | Reached skill level 5 in Invocations
 19922 | Lair:3   | Found a staircase to the Swamp.
 20557 | Lair:3   | Reached XP level 13. HP: 36/79 MP: 7/31
 20688 | Lair:3   | Reached skill level 13 in Spellcasting
 22748 | Lair:5   | Reached skill level 5 in Short Blades
 23173 | Lair:6   | Entered Level 6 of the Lair of Beasts
 23651 | Lair:6   | Found a viscous altar of Jiyva.
 23651 | Lair:6   | Found a staircase to the Slime Pits.
 24399 | Lair:6   | Reached skill level 10 in Stealth
 24401 | Lair:6   | Received a gift from Sif Muna
 25170 | Lair:6   | HP: 1/80 [catoblepas (10)]
 25170 | Lair:6   | Slain by a black mamba

Illustrated notes

Levels and vault maps discovered:
D:1:      scummos_arrival_simple_fountains, layout_loops_cross,
          shapermc_ecumenical_altar_acropolis, corexii_corridor_pit
D:2:      layout_basic, minmay_misc_feat_cross, minivault_26,
          minmay_misc_feat_rows, uniq_sigmund
D:3:      layout_rooms, serial_rivers, chequers_serial_rivers_micro_b,
          chequers_serial_rivers_room_a, chequers_serial_rivers_small_b,
          chequers_serial_rivers_room_a, chequers_serial_rivers_small_b,
          serial_shops, shop, uniq_grinder, uniq_terence
D:4:      layout_loops_cross, minmay_misc_feat_roman,
          eino_small_chamber_without_monster
D:5:      layout_gridville, enter_ossuary_1, uniq_edmund
D:6:      layout_cave_pools, minmay_temple_entry_waves
D:7:      minmay_razor_zed, layout_loops_corners, kennysheep_little_box,
          the_hattery
D:8:      layout_basic, grunt_temple_overflow_open, minmay_lair_entry_grove,
          uniq_psyche
D:9:      layout_loops_cross, serial_shops, shop, st_stairs_3,
          hellmonk_guarded_unrand_vines
D:10:     layout_gridville, uniq_erica
D:11:     layout_gridville, orc_0_dummy
Temple:   dpeg_chambers_temple
Lair:1:   layout_chaotic_city, chequers_serial_rivers_micro_c,
          minmay_lair_oklob_chamber, grunt_megastairs_2, serial_bayou_shore_b,
          lemuel_fruit_fields
Lair:2:   layout_chaotic_city, guppyfry_snake_entry_island,
          roderic_carrion_pond, grunt_megastairs_5
Lair:3:   layout_regular_city, skrybe_swamp_entry_bodies,
          portal_ice_cave_demonic_guard, wad_woods_road_06,
          grunt_forest_large_clearings, uniq_prince_ribbit2
Lair:4:   layout_regular_city, gauntlet_entry_generic
Lair:5:   layout_cave_pods, chequers_serial_rivers_micro_d, serial_bayou_shore_b
Lair:6:   hangedman_lair_in_review, layout_cave_pods,
          dpeg_slime_entry_enclosed_altar, serial_bayou_shore_a

Skill      XL: |  1  2  3  4  5  6  7  8  9 10 11 12 13 |
---------------+----------------------------------------+-----
Fighting       | 1 2 3 4 5 6 7 8 9 |  9.1
Spellcasting   | 4 5 6 8 9 10 12 13 | 13.6
Stealth        | 3 4 5 6 7 8 9 10 | 10.1
Conjurations   | 2 3 4 5 6 7 8 |  8.7
Fire Magic     | 4 5 6 7 8 9 |  9.0
Hexes          | 1 2 4 5 6 7 8 9 |  9.2
Translocations | 1 2 3 4 5 6 7 |  7.9
Invocations    | 2 4 5 |  5.9
Short Blades   | 1 4 5 |  5.8
Evocations     | 3 4 |  4.1
Dodging        | |  2.4

Action                   |  1- 3 |  4- 6 |  7- 9 | 10-12 | 13-15 || total
-------------------------+-------+-------+-------+-------+-------++-------
Melee: Dagger            |     3 |     1 |     4 |   276 |    58 ||   342
 Cast: Foxfire           |    69 |    65 |   124 |   185 |    85 ||   528
       Inner Flame       |       |     6 |     8 |     3 |       ||    17
       Conjure Flame     |       |     5 |    17 |     6 |       ||    28
       Sticky Flame      |       |     5 |    23 |    80 |    40 ||   148
       Searing Ray       |       |     2 |    12 |    22 |     8 ||    44
       Fulminant Prism   |       |       |     6 |    34 |     7 ||    47
       Fireball          |       |       |     9 |    89 |    39 ||   137
       Blink             |       |       |       |     8 |     4 ||    12
Evoke: Wand              |       |       |       |     2 |       ||     2
  Use: Scroll            |     4 |     1 |     3 |     5 |       ||    13
Armor: Robe              |    11 |    11 |    15 |   137 |    33 ||   207
Dodge: Dodged            |    21 |    26 |    39 |   242 |    61 ||   389
